Map: Frost LE

Players

Dealer - Winner!

  • Race: Zerg Zerg
  • League: Gold
  • Spawn Location: 1:00

Fropez

  • Race: Protoss Protoss
  • League: Gold
  • Spawn Location: 11:00

VOD

Have the link to the VOD?

Description

Time

  • Played on: Nov. 2, 2016, 5:48 p.m.
  • Length: 16:47
Show
View Real Time Build Order
Export as new Build Order

Dealer Zerg - Winner!

Build Orders: Hatch First 

Get SALT Encoding   

  12  0:06  Drone  
  13  0:13  Drone  
  14  0:23  Overlord  
  14  0:48  Drone x3  
  17  1:00  Drone, Hatchery  
  17  1:10  Drone  
  18  1:22  Drone  
  19  1:31  Drone  
  20  1:38  Spawning Pool  
  20  1:39  Extractor  
  18  1:42  Extractor  
  17  1:51  Drone  
  18  1:56  Drone  
  19  2:04  Drone  
  20  2:12  Drone  
  21  2:16  Drone  
  22  2:31  Drone x2  
  24  2:40  Lair  
  24  2:42  Queen  
  26  2:44  Drone x2  
  26  2:46  Overlord  
  26  2:50  Overlord  
  28  3:05  Drone x2  
  30  3:07  Drone  
  31  3:14  Drone  
  31  3:19  Extractor  
  31  3:24  Queen  
  33  3:29  Drone x2  
  33  3:33  Drone  
  36  3:35  Overlord  
  36  3:45  Drone  
  36  3:46  Drone  
  38  3:54  Drone x4  
  38  3:55  Drone  
  43  4:01  Spire  
  43  4:02  Drone  
  43  4:13  Extractor  
  42  4:23  Drone x3  
  45  4:25  Hatchery  
  45  4:29  Drone x4  
  48  4:32  Overlord  
  47  4:52  Spine Crawler x2  
  45  4:56  Spine Crawler  
  44  5:03  Overlord  
  40  5:30  Mutalisk x8  
  40  5:31  Mutalisk  
  51  5:54  Mutalisk x5  
  58  6:36  Drone  
  58  6:37  Drone x6  
  61  7:15  Mutalisk x3  
  65  7:28  Overlord x5  
  65  7:29  Overlord  
  65  7:46  Queen  
  65  8:10  Overseer  
  63  8:18  Spire  
  52  8:36  Extractor x2  
  48  9:19  Spine Crawler, Drone x2  
  48  9:20  Drone x4  
  53  9:25  Drone x6  
  49  10:17  Spore Crawler  
  49  10:20  Drone x2  
  49  10:21  Drone x4  
  54  11:07  Zergling x10  
  55  11:45  Spire  
  55  11:46  Drone x5  
  59  11:50  Extractor, Hatchery  
  59  11:51  Metabolic Boost  
  57  12:03  Hatchery  
  55  12:56  Mutalisk x7  
  55  12:57  Mutalisk x8  
  85  13:03  Zerg Flyer Weapons Level 1  
  85  13:09  Drone  
  85  13:10  Drone x5  
  83  13:45  Overseer  
  79  14:06  Drone  
  79  14:07  Drone  
  79  14:09  Overlord x4  
  70  15:13  Mutalisk x11  
  86  15:18  Queen  
  86  15:20  Drone x2  
  91  16:04  Zergling x2  
  92  16:23  Drone x9  
  92  16:24  Drone x2  
  103  16:32  Overseer  
  103  16:35  Spine Crawler  
Show
View Real Time Build Order
Export as new Build Order

Fropez Protoss 

Build Orders: Nexus First 

Get SALT Encoding   

  12  0:01  Probe (Chrono Boost)  
  13  0:12  Probe (Chrono Boost)  
  14  0:28  Pylon  
  14  0:29  Probe (Chrono Boost)  
  15  0:55  Nexus  
  15  0:58  Probe (Chrono Boost)  
  16  1:09  Probe (Chrono Boost)  
  16  1:10  Assimilator  
  17  1:21  Gateway  
  17  1:24  Probe (Chrono Boost)  
  18  1:33  Pylon  
  18  1:36  Probe (Chrono Boost)  
  19  1:46  Probe (Chrono Boost)  
  20  1:57  Probe (Chrono Boost)  
  21  2:02  Gateway  
  22  2:08  Probe (Chrono Boost)  
  22  2:11  Probe (Chrono Boost)  
  22  2:13  Gateway  
  23  2:17  Assimilator  
  23  2:21  Probe (Chrono Boost)  
  24  2:40  Gateway  
  24  2:43  Pylon, Probe (Chrono Boost)  
  24  2:48  Cybernetics Core  
  24  2:50  Probe (Chrono Boost)  
  25  3:02  Gateway  
  25  3:05  Probe (Chrono Boost)  
  26  3:07  Probe (Chrono Boost)  
  27  3:24  Pylon, Warp Gate (Chrono Boost)  
  27  3:32  Adept x3  
  33  3:35  Adept  
  33  3:38  Mothership Core (Chrono Boost)  
  37  3:43  Probe (Chrono Boost)  
  38  3:51  Adept  
  40  3:59  Adept x2  
  44  4:04  Adept  
  44  4:08  Adept  
  48  4:15  Probe  
  49  4:19  Assimilator  
  49  4:24  Probe  
  49  4:25  Twilight Council  
  50  5:01  Resonating Glaives (Chrono Boost)  
  50  5:07  Probe, Robotics Facility  
  50  5:09  Probe  
  50  5:11  Dark Shrine  
  52  5:40  Stalker x3  
  52  5:41  Stalker  
  60  5:47  Probe  
  60  5:49  Probe  
  62  5:59  Assimilator  
  62  6:04  Probe  
  62  6:06  Probe  
  62  6:08  Warp Prism  
  56  6:23  Stalker  
  56  6:24  Stalker x4  
  58  6:35  Blink (Chrono Boost)  
  58  6:48  Pylon  
  54  7:12  Pylon  
  54  7:14  Pylon  
  53  7:25  Pylon  
  53  7:29  Pylon  
  53  7:30  Probe  
  53  7:31  Pylon  
  53  7:32  Mothership Core  
  53  7:34  Pylon  
  56  7:37  Pylon  
  56  7:38  Dark Templar  
  56  7:39  Dark Templar  
  50  8:13  Pylon  
  50  8:17  Adept x4  
  48  8:50  Dark Templar  
  48  8:51  Dark Templar x3  
  52  9:20  Probe  
  52  9:22  Probe  
  54  9:35  Stalker x5  
  64  9:40  Probe  
  64  9:41  Probe  
  55  10:40  Probe, Stalker  
  55  10:41  Stalker x3  
  62  10:51  Archon  
  56  11:01  Nexus  
  56  11:10  Pylon  
  56  11:30  Stalker x3  
  56  11:31  Stalker  
  64  11:42  Assimilator  
  64  11:47  Assimilator  
  64  11:57  Probe  
  63  12:17  Observer  
  64  12:27  Probe  
  65  12:33  Stargate  
  65  12:37  Mothership Core  
  65  12:39  Probe  
  68  12:55  Probe  
  68  12:56  Probe  
  70  13:02  Observer  
  71  13:10  Dark Templar  
  73  13:23  Nexus  
  65  13:51  Stalker x3  
  65  13:52  Stalker x2  
  61  14:09  Phoenix  
  63  14:16  Dark Templar x2  
  65  14:24  Stalker  
  61  14:47  Cybernetics Core  
  57  15:07  Probe x3  
  60  15:21  Phoenix  
  62  15:24  Probe  
  62  15:25  Probe  
  62  15:27  Gateway  
  60  16:22  Probe x3  
  60  16:23  Pylon, Probe  
  64  16:31  Pylon  
  64  16:32  Probe  
Tags
 
League
GoldGold
Matchup
PvZ
Replay Pack
All Mines
Spawn Locations
Close Positions
Add a new tag
Caveats
  • Supply blocks, unpowered buildings, or Contaminate may cause inaccurate times.
  • Supply counts are checked every 10 seconds.